 Dungeon Crawl Stone Soup version 0.23.2 (webtiles) character file.

Game seed: 17956653318703860088

706 Menchi the Skirmisher (level 7, 0/84 HPs)
             Began as a Demonspawn Arcane Marksman on Apr 4, 2019.
             Slain by a river rat (4 damage)
             ... in a sewer.
             The game lasted 00:17:58 (4377 turns).

Menchi the Skirmisher (Demonspawn Arcane Marksman)  Turns: 4377, Time: 00:17:58

Health: 0/84       AC: 23    Str: 13    XL:     7   Next: 39%
Magic:  9/9        EV:  2    Int: 14    God:
Gold:   192        SH:  0    Dex: 13    Spells: 8/9 levels left

rFire    . . .     SeeInvis .   n - +0 trident
rCold    . . .     Gourm    .   (no shield)
rNeg     + + +     Faith    .   (armour currently unavailable)
rPois    +         Spirit   .   (helmet currently unavailable)
rElec    .         Reflect  .   (cloak currently unavailable)
rCorr    .         Harm     .   (gloves currently unavailable)
MR       .....     NoTele   +   (boots currently unavailable)
Stlth    +.........             u - amulet of magic regeneration
HPRegen  0.24/turn              o - ring of poison resistance
MPRegen  0.36/turn              (no ring)

@: tree-form (expiring)
A: demonic guardian 1, foul stench 1, rot immunity
a: no special abilities


You were in a sewer.
You were not hungry.
You were a tree.
You visited 1 branch of the dungeon, and saw 4 of its levels.
You also visited: Sewer.

You collected 192 gold pieces.

Inventory:

Hand Weapons
 a - a +0 hand crossbow
 n - a +0 trident (weapon)
 v - a +0 halberd
Missiles
 d - 23 bolts
Armour
 e - a +0 robe (melded)
 s - a +0 cloak (melded)
Jewellery
 o - a ring of poison resistance (left branch)
 u - an amulet of magic regeneration (around neck)
Wands
 t - a wand of flame (13)
Scrolls
 b - 2 scrolls of identify
 c - a scroll of enchant weapon {unknown}
 g - a scroll of amnesia {unknown}
 i - a scroll of fear {unknown}
 l - a scroll of blinking {unknown}
 q - a scroll of magic mapping {unknown}
 r - a scroll of remove curse {unknown}
Potions
 h - a potion of lignification
 j - a potion of magic {unknown}
 k - 7 potions of curing
 m - 2 potions of flight {unknown}
 p - 2 potions of berserk rage {unknown}
Comestibles
 f - 9 rations
 w - a chunk of flesh


   Skills:
 * Level 5.1 Fighting
 * Level 3.7 Polearms
 - Level 1.7 Crossbows
 + Level 3.6 Dodging
 - Level 1.9 Spellcasting
 - Level 3.5 Hexes


You had 8 spell levels left.
You knew the following spells:

 Your Spells              Type           Power        Failure   Level  Hunger
a - Corona                Hex            ##.....      5%          1    ##.....

Your spell library contained the following spells:

 Spells                   Type           Power        Failure   Level  Hunger
 Slow                     Hex            ##......     9%          2    ###....
 Inner Flame              Hex/Fire       #.......     34%         3    ####...
 Portal Projectile        Hex/Tloc       #.....       34%         3    ####...
 Cause Fear               Hex            ##........   50%         4    #####..
 Leda's Liquefaction      Hex/Erth       #.........   75%         4    #####..


Dungeon Overview and Level Annotations

Branches:
Dungeon (4/15)
 Temple: D:4-7

Altars:
Makhleb


Innate Abilities, Weirdness & Mutations

((You are mostly covered in iridescent scales. (AC +4)))
A weak demonic guardian rushes to your aid.
You may emit foul miasma when damaged in melee.
You are immune to rotting.


Message History

You barely miss the river rat.
The river rat is heavily wounded.
The river rat bites you but does no damage. x2
You puncture the river rat!
You kill the river rat!
The river rat bites you but does no damage.
You closely miss the river rat. The river rat bites you.
* * * LOW HITPOINT WARNING * * *
The river rat bites you but does no damage.
You hit the river rat.
The river rat is heavily wounded.
The river rat bites you but does no damage.
You hit the river rat but do no damage.
The river rat is heavily wounded.
Your transformation is almost over.
The river rat bites you but does no damage.
You closely miss the river rat.
The river rat is heavily wounded.
The river rat bites you.
You die...

≈≈≈≈≈≈≈≈≈≈≈≈≈...÷.≈.≈≈≈≈≈≈≈≈≈≈≈≈≈
≈≈≈≈≈≈≈≈≈≈≈≈.....÷÷....≈≈≈≈≈≈≈≈≈≈
≈≈≈≈≈≈..≈.≈≈≈...........≈≈≈≈≈≈≈≈≈
≈.≈......................≈≈≈≈.≈≈.
(............................(...
...÷...##........................
.....#####.......##..............
...### #...##.†#####......###..#
#### ∩..#####r♣######...## ####
#### ##..∩# ##### #####


You could see a river rat.

Vanquished Creatures
  Menkaure (D:4)
  2 big kobolds (Sewer)
  Blork the orc (D:4)
  2 hounds
  An orc priest (D:3)
  2 worker ants (D:4)
  3 adders
  3 river rats (Sewer)
  An ooze (D:3)
  4 worms
  A dart slug (D:3)
  12 leopard geckos
  9 orcs
  5 giant cockroaches
  12 goblins
  8 hobgoblins
  A jackal (D:4)
  A quokka (D:3)
  2 ball pythons
  10 bats
  6 frilled lizards
  7 kobolds
  25 rats
119 creatures vanquished.

Vanquished Creatures (collateral kills)
  A big kobold (Sewer)
1 creature vanquished.

Grand Total: 120 creatures vanquished

Notes
Turn   | Place    | Note
-------+----------+-------------------------------------------
     0 | D:1      | Menchi the Demonspawn Arcane Marksman began the quest for
                  | the Orb.
     0 | D:1      | Reached XP level 1. HP: 15/15 MP: 2/2
   216 | D:1      | Gained mutation: You are partially covered in iridescent
                  | scales. (AC +2) [demonic ancestry]
   216 | D:1      | Reached XP level 2. HP: 21/21 MP: 3/3
   798 | D:2      | Reached skill level 2 in Fighting
   897 | D:2      | Gained mutation: You are immune to rotting. [demonic
                  | ancestry]
   897 | D:2      | Reached XP level 3. HP: 23/27 MP: 5/5
  1006 | D:2      | Found a burning altar of Makhleb.
  1193 | D:2      | Reached XP level 4. HP: 34/34 MP: 6/6
  2748 | D:3      | Reached skill level 3 in Fighting
  2748 | D:3      | Reached skill level 1 in Polearms
  2748 | D:3      | Gained mutation: You are mostly covered in iridescent
                  | scales. (AC +4) [demonic ancestry]
  2748 | D:3      | Reached XP level 5. HP: 18/41 MP: 7/7
  3434 | D:4      | Noticed an ogre
  3568 | D:4      | Noticed Menkaure
  3572 | D:4      | Killed Menkaure
  3572 | D:4      | Reached skill level 4 in Fighting
  3572 | D:4      | Gained mutation: You may emit foul miasma when damaged in
                  | melee. [demonic ancestry]
  3572 | D:4      | Reached XP level 6. HP: 48/48 MP: 8/8
  3584 | D:4      | Noticed Blork the orc
  3598 | D:4      | Killed Blork the orc
  3869 | D:4      | Found a glowing drain.
  3882 | Sewer    | Entered a sewer
  3946 | Sewer    | Gained mutation: A weak demonic guardian rushes to your
                  | aid. [demonic ancestry]
  3946 | Sewer    | Reached XP level 7. HP: 51/55 MP: 9/9
  4275 | Sewer    | Reached skill level 5 in Fighting
  4364 | Sewer    | HP: 1/56 [river rat (3)]
  4374 | Sewer    | HP: 3/84 [river rat (5)]
  4377 | Sewer    | Slain by a river rat

Skill      XL: |  1  2  3  4  5  6  7 |
---------------+----------------------+-----
Dodging        | 2 3 |  3.6
Fighting       | 2 3 4 5 |  5.1
Polearms       | 1 2 3 |  3.7
Crossbows      | |  1.7
Spellcasting   | |  1.9
Hexes          | |  3.5

Action                   |  1- 3 |  4- 6 |  7- 9 || total
-------------------------+-------+-------+-------++-------
Melee: Trident           |       |       |    51 ||    51
 Fire: Hand crossbow     |    80 |   231 |    42 ||   353
  Use: Scroll            |       |     1 |       ||     1
       Potion            |       |       |     3 ||     3
  Eat: Chunk             |     1 |     5 |     1 ||     7
       Ration            |       |     1 |       ||     1
Armor: Robe              |    15 |    43 |    36 ||    94
       Skin              |       |       |    19 ||    19
Dodge: Dodged            |    34 |   115 |   104 ||   253
